 Dungeon Crawl Stone Soup version 0.24.0-13-gcf9b3192b9 (webtiles) character file.

Game seed: 15938946546876046049, levelgen mode: deterministic

68966 FessEmpty the Brawler (level 14, -19/131 HPs)
             Began as a Troll Monk on Nov 9, 2019.
             Was an Elder of Fedhas.
             Demolished by a komodo dragon (28 damage)
             ... on level 6 of the Lair of Beasts.
             The game lasted 02:17:50 (21461 turns).

FessEmpty the Brawler (Troll Monk)                 Turns: 21461, Time: 02:17:51

Health: -19/131    AC: 10    Str: 30    XL:     14   Next: 88%
Magic:  5/19       EV: 11    Int:  6    God:    Fedhas [****..]
Gold:   1257       SH:  0    Dex: 15    Spells: 12/21 levels left

rFire    . . .     SeeInvis .     - Unarmed
rCold    . . .     Gourm    +   (shield currently unavailable)
rNeg     . . .     Faith    .   M - +0 troll leather armour
rPois    .         Spirit   .   z - +0 hat
rElec    .         Reflect  .   y - +1 cloak
rCorr    .         Harm     .   (gloves unavailable)
MR       +....                  (boots unavailable)
Stlth    ++........             C - amulet of the acrobat
HPRegen  1.11/turn              P - +3 ring of dexterity
MPRegen  0.16/turn              Y - +4 ring of strength

@: about to teleport, blade hands (expiring), marked
A: large, unfitting armour, claws 3, fast metabolism 3, gourmand, regeneration
1, shaggy fur 1, tough skin 3
a: End Transformation, Wall of Briars, Grow Ballistomycete, Overgrow, Renounce
Religion


You were on level 6 of the Lair of Beasts.
You worshipped Fedhas.
Fedhas was greatly pleased with you.
You were very full.
You had blades for hands.
You visited 3 branches of the dungeon, and saw 21 of its levels.

You collected 1473 gold pieces.
You spent 216 gold pieces at shops.

Inventory:

Hand Weapons
 b - the +4 hunting sling "Zazuonu" (melded) {venom, rElec rN+ MR- Stlth+}
   (You found it on level 10 of the Dungeon)

   It poisons the ammo it fires.
   It insulates you from electricity.
   It protects you from negative energy.
   It affects your resistance to hostile enchantments.
   It makes you more stealthy.
Missiles
 l - 98 poisoned darts
 L - 7 javelins
 R - 240 stones
 S - 6 curare-tipped darts
 T - 3 boomerangs
 V - 3 large rocks (quivered)
Armour
 y - a +1 cloak (worn)
 z - a +0 hat (worn)
 M - a +0 troll leather armour (worn)
Jewellery
 g - an uncursed ring of poison resistance
 C - an amulet of the acrobat (around neck)
 E - an uncursed ring of resist corrosion
 N - an uncursed ring of protection from fire
 P - a +3 ring of dexterity (left scythe-like blade)
 W - an uncursed ring of fire
 Y - a +4 ring of strength (right scythe-like blade)
Wands
 n - a wand of polymorph (15)
 q - a wand of scattershot (5)
 v - a wand of iceblast (13)
 w - a wand of paralysis (16)
 H - a wand of acid (7)
 I - a wand of flame (41)
 Z - a wand of enslavement (8)
Scrolls
 a - 2 scrolls of identify
 d - 8 scrolls of amnesia
 e - 6 scrolls of teleportation
 f - 9 scrolls of remove curse
 i - 2 scrolls of blinking
 o - 2 scrolls of fog {unknown}
 r - 3 scrolls of magic mapping
 s - 2 scrolls of noise {unknown}
 u - 3 scrolls of enchant armour
 G - a scroll of torment {unknown}
 K - a scroll of vulnerability {unknown}
 O - a scroll of brand weapon {unknown}
 U - 4 scrolls of fear {unknown}
 X - 5 scrolls of immolation
Potions
 c - 3 potions of invisibility
 h - 2 potions of flight
 j - 4 potions of berserk rage
 k - 2 potions of might
 m - 2 potions of magic {unknown}
 p - 2 potions of mutation {unknown}
 t - a potion of cancellation {unknown}
 x - 9 potions of curing
 A - 2 potions of agility {unknown}
 B - 5 potions of heal wounds
 D - 3 potions of haste
Miscellaneous
 F - a lamp of fire (inert)
Comestibles
 Q - 44 rations


   Skills:
 + Level 6.5 Fighting
 * Level 10.4 Throwing
 - Level 3.6 Dodging
 - Level 1.0 Stealth
 + Level 15.0 Unarmed Combat
 - Level 4.0 Spellcasting
 - Level 10.0 Transmutations
 - Level 4.0 Ice Magic
 - Level 6.3 Invocations
 + Level 3.2 Evocations


You had 12 spell levels left.
You knew the following spells:

 Your Spells              Type           Power        Failure   Level  Hunger
a - Ice Form              Ice/Tmut       #.......     63%         4    #####..
b - Blade Hands           Tmut           ##........   58%         5    ######.

Your spell library contained the following spells:

 Spells                   Type           Power        Failure   Level  Hunger
 Beastly Appendage        Tmut           ##....       13%         1    ##.....
 Sticks to Snakes         Tmut           ##......     14%         2    ###....
 Spider Form              Tmut/Pois      #.........   54%         3    ####...
 Sting                    Conj/Pois      #...         78%         1    ##.....
 Poisonous Vapours        Pois/Air       #.....       87%         2    ###....
 Mephitic Cloud           Conj/Pois/Air  #.......     96%         3    ####...
 Olgreb's Toxic Radiance  Pois           #.......     100%        4    #####..
 Venom Bolt               Conj/Pois      #.........   100%        5    ######.


Dungeon Overview and Level Annotations

Branches:
Dungeon (14/15)            Temple (1/1) D:4            Lair (6/6) D:9
  Swamp (0/4) Lair:2       Spider (0/4) Lair:3          Orc (0/2) D:11
  Slime: Lair:5-6    Vaults: D:13-14

Altars:
Dithmenos
Fedhas
Gozag
Hepliaklqana
Kikubaaqudgha
Makhleb
Nemelex Xobeh
Okawaru
Qazlal
Sif Muna
Wu Jian
Xom
Zin

Shops:
D:7 *   D:9 !   D:11 =   D:12 [[*   D:14 [

Annotations:
D:10 1 runed translucent door
D:14 Agnes


Innate Abilities, Weirdness & Mutations

You are too large for most types of armour.
You have claws for hands.
Your metabolism is lightning-fast.
You like to eat raw meat.
Your natural rate of healing is unusually fast.
You are covered in fur. (AC +1)
You have extremely tough skin. (AC +3)


Message History

You hear a loud, deep croak!
You hear an angry hiss.
You hear a screech!
You hear a roar!
The +4 hunting sling "Zazuonu" {venom, rElec rN+ MR- Stlth+} stops dripping with poison.
You are now empty-clawed.
You mangle the wolf!!
You kill the wolf!
Fedhas accepts your kill.
The wolf stops to sniff the ground.
The wolf bites your briar patch but does no damage.
You barely miss the wolf. The wolf bites you but does no damage.
You barely miss the wolf. The wolf barely misses you.
The wolf is struck by your briar patch's thorns.
The wolf bites your briar patch.
You closely miss the wolf. Your claw misses the wolf.
The wolf bites your briar patch but does no damage.
The wolf is struck by your briar patch's thorns.
The wolf bites your briar patch but does no damage.
You barely miss the wolf. The wolf bites your briar patch.
The wolf bites your briar patch! The wolf bites you but does no damage.
The wolf bites your briar patch!
You miss the wolf.
The wolf is struck by your briar patch's thorns.
The wolf dies!
Fedhas accepts your kill. The wolf bites your briar patch! The wolf bites you!
The wolf is struck by your briar patch's thorns.
The wolf bites your briar patch but does no damage.
You closely miss the wolf. The wolf bites your briar patch.
The wolf bites you but does no damage.
The wolf is struck by your briar patch's thorns.
The wolf dies!
Fedhas accepts your kill.
Your Unarmed Combat skill increases to level 15!
You claw the wolf!
The wolf is moderately wounded.
The wolf bites your briar patch. The wolf barely misses you.
The wolf bites your briar patch but does no damage.
You scratch the wolf but do no damage.
The wolf is moderately wounded.
The wolf bites you but does no damage.
A water moccasin comes into view.
The wolf bites your briar patch!
Your briar patch is destroyed!
The wolf bites you but does no damage.
You closely miss the wolf.
The wolf is moderately wounded.
The wolf bites you.
You mangle the wolf!!
You kill the wolf!
Fedhas accepts your kill. The wolf barely misses you.
You barely miss the wolf.
The wolf is moderately wounded.
The wolf bites you but does no damage.
You miss the wolf.
The wolf is moderately wounded.
The wolf bites you.
You claw the wolf!
The wolf is heavily wounded.
The wolf bites you.
The water moccasin bites your briar patch.
The wolf bites you but does no damage.
You claw the wolf!
You kill the wolf!
Fedhas accepts your kill.
You scratch the water moccasin. Your claw misses the water moccasin.
The water moccasin is moderately wounded.
The water moccasin bites you but does no damage.
A swamp worm comes into view.
You closely miss the water moccasin.
The water moccasin is moderately wounded.
The water moccasin barely misses you.
You scratch the water moccasin.
The water moccasin is heavily wounded.
The water moccasin bites you but does no damage.
You closely miss the water moccasin.
The water moccasin is heavily wounded.
The water moccasin closely misses you.
A tyrant leech comes into view.
You miss the water moccasin.
The water moccasin is heavily wounded.
The water moccasin misses you.
You scratch the water moccasin.
The water moccasin is heavily wounded.
The water moccasin completely misses you.
You mangle the water moccasin!!
You kill the water moccasin!
Fedhas accepts your kill.
Throwing (i - inventory. (/) - cycle)
V - 3 large rocks (quivered)
Press: ? - help, Shift-Dir - straight line, f - briar patch
Aim: a briar patch (friendly, summoned)
Okay, then.
The +4 hunting sling "Zazuonu" {venom, rElec rN+ MR- Stlth+} begins to drip with poison!
b - the +4 hunting sling "Zazuonu" (weapon)
{venom, rElec rN+ MR- Stlth+} A black mamba comes into view.
Firing (i - inventory. (/) - cycle)
R - 242 stones (quivered)
Press: ? - help, Shift-Dir - straight line, f - swamp worm
Aim: a swamp worm You shoot a stone.
The stone closely misses the swamp worm.
Firing (i - inventory. (/) - cycle)
R - 241 stones (quivered)
Press: ? - help, Shift-Dir - straight line, f/p - swamp worm
Aim: a swamp worm You shoot a stone.
The stone hits the tyrant leech.
The tyrant leech is poisoned.
The tyrant leech is lightly wounded.
The swamp worm throws harpoon shot at you.
The harpoon shot misses you.
A komodo dragon comes into view.
A briar patch grows up from the ground. x2; You feel slightly less full.
The swamp worm throws harpoon shot at you.
The harpoon shot hits you!
You are yanked forward by the harpoon shot.
You collide with your briar patch!
Evoke which item? (* to show all) (? for menu, Esc to quit)
Aiming: Polymorph
Press: ? - help, Shift-Dir - straight line, f - swamp worm, p - tyrant leech
Aim: a swamp worm (chance to defeat MR: 64%) Fedhas protects your plant from harm.
The swamp worm evaporates and reforms as a snapping turtle!
The black mamba bites your briar patch!!
The tyrant leech bites your briar patch!!
Your briar patch is destroyed!
The black mamba bites your briar patch but does no damage.
You walk carefully through the plants.
A spiny frog comes into view.
The black mamba misses you.
Found 16 gold pieces.
You see here a wolf corpse.
Casting: Blade Hands (quite dangerous; 17% risk of failure)
Confirm with . or Enter, or press ? or * to list all spells.
Your hands turn into razor-sharp scythe blades.
The +4 hunting sling "Zazuonu" {venom, rElec rN+ MR- Stlth+} melds into your body.
The +4 hunting sling "Zazuonu" {venom, rElec rN+ MR- Stlth+} stops dripping with poison.
The black mamba bites you but does no damage.
The black mamba barely misses you.
Aiming: Overgrow
Press: ? - help, Dir - move target cursor, p - snapping turtle The rock wall is torn apart as a ballistomycete grows in its place.
The rock wall is torn apart as an oklob sapling grows in its place. x2
You feel somewhat less full. The black mamba bites you.
The snapping turtle bites you from afar!
The tyrant leech bites you.
The tyrant leech draws strength from your injuries!
The komodo dragon bites your briar patch!!
A tyrant leech comes into view.
A spiny frog comes into view.
The spiny frog stings your briar patch. The black mamba closely misses you.
The komodo dragon bites your briar patch!!
Your briar patch is destroyed!
The tyrant leech bites your ballistomycete!!
You shred the black mamba!!!!
You kill the black mamba!
Fedhas accepts your kill.
The snapping turtle bites you from afar!!
The tyrant leech bites your ballistomycete!!
Your ballistomycete is destroyed!
The komodo dragon bites your briar patch!
Your briar patch is destroyed!
The spiny frog stings your briar patch!
A tyrant leech comes into view.
The snapping turtle bites you!
You slash the snapping turtle!
The snapping turtle is lightly wounded.
Your transformation is almost over.
You slice the snapping turtle!!
The snapping turtle is heavily wounded.
The spiny frog is struck by your briar patch's thorns.
The spiny frog stings your briar patch!
The tyrant leech bites your oklob sapling.
The snapping turtle completely misses you.
You hit the snapping turtle.
The snapping turtle is heavily wounded.
The spiny frog is struck by your briar patch's thorns.
The spiny frog stings your briar patch!
Your briar patch is destroyed!
A crocodile comes into view.
The snapping turtle bites you.
You slice the snapping turtle!!
The snapping turtle is almost dead.
The tyrant leech looks more healthy.
The tyrant leech bites your oklob sapling!
As you read the scroll of teleportation, it crumbles to dust.
You feel strangely unstable.
The spiny frog stings you but does no damage.
The komodo dragon bites you!!
* * * LOW HITPOINT WARNING * * *
The snapping turtle barely misses you.
Your oklob sapling spits acid at the tyrant leech.
The splash of acid hits the tyrant leech!
The tyrant leech is splashed with acid.
The acid corrodes the tyrant leech!
The tyrant leech bites your oklob sapling.
You shred the snapping turtle!!!
You kill the snapping turtle!
Fedhas accepts your kill.
The swamp worm returns to its original shape as it dies.
The spiny frog stings you!
* * * LOW HITPOINT WARNING * * *
The komodo dragon bites you!!
You die...
Fedhas appreciates your contribution to the ecosystem.

# #....# # ##.#.###
# #.(....## ##
###....(.###
.#####PPP....wPP##
#.#..PPP....†..wP#
.............†wPP#
...........t..Fl.##
.#.#P..........†@.#
.####..........F###
....##..........#
...####.........P
...#.# ##.....(..
....## ##.$....#
.....### .......
....<..# #####..
..#.....#


You could see 3 tyrant leeches, a komodo dragon, 2 spiny frogs, a crocodile and
2 friendly oklob saplings.

Vanquished Creatures
  Frances (D:13)
  Gastronok (D:8)
  2 vampire knights (D:13)
  The ghost of Yermak the Cleaver, a journeyman DDFi of Makhleb (D:12)
  6 hydras
  Erolcha (D:13)
  4 two-headed ogres
  A death knight (D:13)
  An ogre mage (D:14)
  The ghost of loralnil the Blocker, a journeyman GrFi of Okawaru (D:11)
  8 death yaks
  A tengu warrior (D:14)
  An unseen horror (D:10)
  Pikel (D:6)
  3 phantasmal warriors (D:13)
  A wizard (D:14)
  A wolf spider zombie (D:14)
  2 ugly things (D:11)
  A cyclops (D:11)
  2 manticores (D:12)
  6 elephants (Lair:4)
  A moth of wrath (Lair:6)
  2 black mambas
  Maurice (D:8)
  A torpor snail (Lair:2)
  Psyche (D:10)
  5 spiny frogs
  2 gargoyles
  9 komodo dragons
  2 rime drakes (Lair:4)
  4 kobold demonologists (D:12)
  A demonic crawler (Lair:3)
  A tengu conjurer (D:14)
  3 trolls
  3 meliai (Lair:4)
  2 queen bees
  The ghost of Nattefrost the Skirmisher, an amateur HuFi of the Shining One (D:4)
  A snapping turtle (Lair:6)
  A hornet (D:7)
  A blink frog (Lair:4)
  2 bog bodies (Lair:2)
  5 dream sheep (Lair:4)
  11 hippogriffs
  10 slime creatures
  2 shadows (D:13)
  A wraith (D:14)
  4 vampires
  40 yaks
  2 wyverns (Lair:4)
  4 basilisks
  9 vampire mosquitoes
  A soldier ant (D:13)
  2 swamp worms (Lair:2)
  17 water moccasins
  5 porcupines
  5 orc warriors
  2 sky beasts
  A slave (D:6)
  2 black bears
  2 ice beasts
  11 ogres
  5 phantoms
  9 centaurs
  12 wolves
  14 crocodiles
  20 big kobolds
  A wyvern zombie (D:9)
  23 bullfrogs
  A gnoll sergeant (D:8)
  10 scorpions
  42 killer bees
  10 wights (D:10)
  2 electric eels
  3 howler monkeys
  6 crimson imps
  A bullfrog zombie (D:7)
  8 hounds
  5 quasits
  2 centaur zombies
  6 jellies
  Crazy Yiuf (D:7)
  3 centaur skeletons
  4 orc priests
  10 orc wizards
  2 bullfrog skeletons
  Natasha (thrice) (D:4)
  5 iguanas
  11 worker ants
  A hell rat (Lair:4)
  A hound skeleton (D:9)
  A howler monkey zombie (D:6)
  12 gnolls
  18 adders
  2 shadow imps
  A white imp (D:6)
  An adder skeleton (D:4)
  4 worms
  4 leopard geckos
  34 orcs
  A ball python (D:3)
  2 giant cockroaches
  8 goblins
  10 hobgoblins
  11 jackals
  4 quokkas
  3 bats
  5 frilled lizards
  33 kobolds
  4 rats
  4 ballistomycete spores
609 creatures vanquished.

Vanquished Creatures (collateral kills)
  Urug (D:10)
  2 dream sheep (Lair:4)
  A yak (Lair:5)
  A hungry ghost (D:9)
  A basilisk (shapeshifter) (D:13)
  A neqoxec (D:11)
  A black bear (D:7)
  4 wolves
  2 big kobolds (D:12)
  6 killer bees
  A bullfrog zombie (D:9)
  A worker ant zombie (D:7)
  An adder (D:7)
  A worm (Lair:3)
  An orc (D:7)
  2 giant cockroaches (Lair:3)
  30 ballistomycete spores
57 creatures vanquished.

Vanquished Creatures (others)
  Nessos (D:14)
  A centaur (D:6)
  A crocodile (Lair:1)
  3 ballistomycete spores
  A bush (Lair:4)
  20 fungi
  29 plants
56 creatures vanquished.

Grand Total: 722 creatures vanquished

Notes
Turn   | Place    | Note
-------+----------+-------------------------------------------
     0 | D:1      | FessEmpty the Troll Monk began the quest for the Orb.
     0 | D:1      | Reached XP level 1. HP: 22/22 MP: 0/0
   125 | D:1      | Reached XP level 2. HP: 29/29 MP: 1/1
   595 | D:2      | Found an ornate altar of the Wu Jian Council.
   595 | D:2      | Found a sparkling altar of Nemelex Xobeh.
   595 | D:2      | Found an opulent altar of Gozag.
   668 | D:2      | Reached XP level 3. HP: 36/36 MP: 2/2
   741 | D:2      | Found an iron altar of Okawaru.
  1110 | D:3      | Noticed an earth elemental
  1119 | D:2      | Reached skill level 4 in Unarmed Combat
  1119 | D:2      | Reached XP level 4. HP: 39/44 MP: 3/3
  1137 | D:3      | Found a stormy altar of Qazlal.
  1474 | D:3      | Noticed an ice beast
  1495 | D:4      | Reached XP level 5. HP: 47/52 MP: 4/4
  1576 | D:4      | Found a transporter.
  1584 | D:4      | Noticed Nattefrost's ghost (amateur HuFi)
  1589 | D:4      | Noticed Natasha
  1604 | D:4      | Killed Natasha
  1604 | D:4      | Reached skill level 5 in Unarmed Combat
  1620 | D:4      | Found a transporter.
  1621 | D:4      | Noticed an ogre
  1729 | D:3      | Noticed a fire elemental
  1733 | D:3      | Noticed a water elemental
  1733 | D:3      | Noticed an air elemental
  1919 | D:3      | Killed an ice beast
  1919 | D:3      | Reached XP level 6. HP: 33/61 MP: 5/5
  2066 | D:4      | Noticed Natasha
  2088 | D:3      | Reached skill level 6 in Unarmed Combat
  2153 | D:4      | Killed Natasha
  2171 | D:4      | Found an iron altar of Okawaru.
  2232 | D:4      | Noticed Natasha
  2258 | D:4      | Killed Natasha
  2299 | D:4      | Found a staircase to the Ecumenical Temple.
  2310 | Temple   | Entered the Ecumenical Temple
  2391 | Temple   | Became a worshipper of Fedhas Madash
  2391 | Temple   | Reached * piety under Fedhas
  2391 | Temple   | Reached ** piety under Fedhas
  2455 | D:4      | Reached skill level 7 in Unarmed Combat
  2455 | D:4      | Reached XP level 7. HP: 61/67 MP: 6/6
  2608 | D:4      | Found a burning altar of Makhleb.
  2994 | D:5      | Entered Level 5 of the Dungeon
  2994 | D:5      | Found a burning altar of Makhleb.
  3142 | D:5      | Reached skill level 8 in Unarmed Combat
  3416 | D:5      | Reached skill level 9 in Unarmed Combat
  3416 | D:5      | Reached XP level 8. HP: 59/75 MP: 7/7
  3964 | D:6      | Reached skill level 10 in Unarmed Combat
  4028 | D:6      | Noticed Pikel
  4044 | D:6      | Killed Pikel
  4187 | D:6      | Found a burning altar of Makhleb.
  4187 | D:6      | Found a shimmering altar of Xom.
  4189 | D:6      | Reached XP level 9. HP: 81/81 MP: 8/8
  4212 | D:6      | Found a shimmering blue altar of Sif Muna.
  4332 | D:6      | Reached *** piety under Fedhas
  4610 | D:7      | Reached skill level 11 in Unarmed Combat
  4856 | D:7      | Reached skill level 1 in Invocations
  4873 | D:7      | Learned a level 4 spell: Ice Form
  5012 | D:7      | Reached skill level 1 in Ice Magic
  5019 | D:7      | Reached skill level 1 in Transmutations
  5136 | D:7      | Found Omaihu's Assorted Antiques.
  5248 | D:7      | Bought an embroidered scarf for 216 gold pieces
  5436 | D:7      | Found a runed translucent door.
  5445 | D:7      | Noticed Crazy Yiuf
  5545 | D:7      | Killed Crazy Yiuf
  5585 | D:8      | Noticed Maurice
  5591 | D:7      | Reached skill level 1 in Spellcasting
  5977 | D:8      | Noticed Gastronok
  5994 | D:8      | Killed Gastronok
  5994 | D:8      | Reached XP level 10. HP: 33/91 MP: 9/11
  6136 | D:8      | Killed Maurice
  6175 | D:8      | Reached **** piety under Fedhas
  6890 | D:9      | Reached skill level 12 in Unarmed Combat
  7192 | D:9      | Found Giuhima's Distillery.
  7359 | D:9      | Reached skill level 5 in Transmutations
  7482 | D:9      | Reached XP level 11. HP: 53/97 MP: 13/13
  7540 | D:9      | Found a staircase to the Lair.
  8316 | D:9      | Found a glowing silver altar of Zin.
  8431 | D:10     | Entered Level 10 of the Dungeon
  8772 | D:10     | Killed an unseen horror
  8791 | D:10     | Noticed Urug
  8806 | D:10     | Killed Urug
  8930 | D:10     | Noticed a sixfirhy
  8971 | D:10     | Noticed a two-headed ogre
  9087 | D:10     | Found a runed translucent door.
  9089 | D:10     | Noticed Psyche
  9471 | D:11     | Found Unamynezim's Jewellery Boutique.
  9556 | D:11     | Found a shadowy altar of Dithmenos.
  9593 | D:11     | Noticed loralnil's ghost (journeyman GrFi)
  9626 | D:11     | Found a transporter.
  9716 | D:11     | Noticed a green ugly thing
  9730 | D:11     | Killed a green ugly thing
  9904 | D:11     | Found a staircase to the Orcish Mines.
 10000 | D:11     | Found a transporter.
 10206 | D:4      | Killed Nattefrost's ghost
 10428 | D:10     | Killed a two-headed ogre
 10428 | D:10     | Reached skill level 5 in Invocations
 10540 | D:10     | Reached skill level 5 in Throwing
 10802 | D:10     | Killed Psyche
 10832 | D:10     | Got a pitted hunting sling
 10833 | D:10     | Identified the +4 hunting sling "Zazuonu" {venom, rElec rN+
                  | MR- Stlth+} (You found it on level 10 of the Dungeon)
 10856 | D:10     | Reached XP level 12. HP: 105/105 MP: 15/15
 11188 | D:11     | Killed loralnil's ghost
 11188 | D:11     | Reached skill level 13 in Unarmed Combat
 11284 | D:12     | Found Riehocs's General Store.
 11312 | D:12     | Found Peagacut's Antique Armour Emporium.
 11580 | D:12     | Noticed an eight-headed hydra
 11649 | D:12     | Found Moipte's Antique Armour Shoppe.
 11740 | D:12     | Killed an eight-headed hydra
 12072 | D:12     | Found a runed translucent gate.
 12073 | D:12     | Found a runed translucent gate.
 12074 | D:12     | Found a runed translucent gate.
 12074 | D:12     | Identified the +6 short sword "Sugeasei" {chaos, *Contam
                  | rElec rPois Int+7}
 12074 | D:12     | Noticed Yermak's ghost (journeyman DDFi)
 12075 | D:12     | Identified the +1 short sword of Ambiguity {elec, rElec}
 12893 | D:12     | Killed Yermak's ghost
 13256 | D:13     | Learned a level 5 spell: Blade Hands
 13349 | D:13     | Noticed Erolcha
 13360 | D:13     | Killed Erolcha
 13408 | D:13     | Noticed Frances
 13825 | D:13     | Noticed a vampire knight
 13825 | D:13     | Noticed a vampire knight
 13847 | D:14     | Found Udil's Antique Armour Shoppe.
 13858 | D:14     | Noticed a tengu warrior
 13867 | D:14     | Killed a tengu warrior
 13867 | D:14     | Reached XP level 13. HP: 88/111 MP: 13/18
 14060 | D:14     | Noticed Nessos
 14073 | D:14     | Killed Nessos
 14559 | D:13     | HP: 4/114 [phantasmal warrior[a death knight] (22)]
 14675 | D:14     | Reached skill level 14 in Unarmed Combat
 14753 | D:14     | Noticed Agnes
 14914 | D:13     | Killed a vampire knight
 15021 | D:13     | Killed a vampire knight
 15169 | D:13     | Found the +12 Vampire's Tooth {vamp}
 15490 | D:13     | Killed Frances
 15653 | Lair:1   | Entered Level 1 of the Lair of Beasts
 16303 | Lair:1   | Reached skill level 5 in Fighting
 17108 | Lair:2   | Reached XP level 14. HP: 127/127 MP: 19/19
 17759 | Lair:2   | Found a staircase to the Swamp.
 18049 | Lair:3   | Found a hole to the Spider Nest.
 18361 | Lair:3   | Reached skill level 10 in Transmutations
 18790 | Lair:3   | Reached skill level 1 in Evocations
 19798 | Lair:4   | Reached skill level 10 in Throwing
 21245 | Lair:6   | Entered Level 6 of the Lair of Beasts
 21428 | Lair:6   | Reached skill level 15 in Unarmed Combat
 21461 | Lair:6   | Demolished by a komodo dragon

Levels and vault maps discovered:
D:1:      evilmike_arrival_run_for_it, layout_basic
D:2:      layout_rooms, gammafunk_temple_overflow_forgotten, okawaru_trees_2
D:3:      layout_basic, nicolae_qazlal_style_of_elements, corner_web_ring,
          chequers_serial_rivers_marsh
D:4:      layout_basic, marbit_many_paths, minmay_temple_entry_drinking_statues,
          gammafunk_ghost_stat_death, lemuel_tele_altar, uniq_natasha
D:5:      layout_cave_pools, basic_altar, first_ration,
          kennysheep_generic_room_11
D:6:      layout_rooms, grunt_temple_overflow_champion_of_chaos,
          kennysheep_mini_moat, minmay_fire_ice_demons, uniq_pikel
D:7:      layout_cave_pools, serial_shops, shop, uniq_crazy_yiuf_cottage
D:8:      layout_basic, uniq_gastronok, uniq_maurice
D:9:      layout_loops_corners, zin_statuary, david_lair_shrubbed,
          serial_rivers, chequers_serial_rivers_large_a,
          chequers_serial_rivers_marsh, chequers_serial_rivers_marsh,
          chequers_serial_rivers_room_a, serial_shops, kennysheep_mini,
          david_nohive_1, grunt_ministairs_15, kennysheep_generic_room_6
D:10:     cheibrodos_shockbox, layout_gridville, uniq_urug, uniq_psyche
D:11:     layout_cave_pools, kennysheep_orc_monster_closet_entryway,
          serial_shops, shop, gammafunk_ghost_stat_death, basic_altar
D:12:     layout_irregular_city, serial_shops, shop_fountains, shop,
          nicolae_shop_trees, gammafunk_ghost_nasty_kobolds
D:13:     layout_stronghold, minmay_guarded_unrand_vampires_tooth, uniq_frances,
          uniq_erolcha
D:14:     minmay_guarded_unrand_guard, layout_long_grid, david_vaults_2,
          serial_shops, shop, serial_rivers, chequers_serial_rivers_micro_e,
          chequers_serial_rivers_small_3, chequers_serial_rivers_micro_e,
          chequers_serial_rivers_small_b, chequers_serial_rivers_micro_a,
          chequers_serial_rivers_marsh, uniq_nessos, uniq_agnes, uniq_jorgrun
Temple:   nicolae_temple_figure_eight
Lair:1:   layout_cave_pods, minmay_lair_oklob_chamber
Lair:2:   wander_river, layout_chaotic_city,
          nicolae_swamp_entry_splash_gauntlet, serial_rivers,
          chequers_serial_rivers_room_a, chequers_serial_rivers_small_3,
          chequers_serial_rivers_room_a, chequers_serial_rivers_room_b,
          chequers_serial_rivers_small_3, chequers_serial_rivers_small_3
Lair:3:   layout_cave_pods, nicolae_spider_entry_non_spiders,
          serial_bayou_shore_a, lemuel_fruit_fields, grunt_megastairs_1
Lair:4:   regret_index_tunnel_blossom, layout_loops_ring
Lair:5:   layout_cave_pods, lemuel_fruit_fields
Lair:6:   hangedman_lair_caniforms_friends, layout_cave_pods, slime_altar_1,
          worms_lemuel, uniq_snorg

Skill      XL: |  1  2  3  4  5  6  7  8  9 10 11 12 13 14 |
---------------+-------------------------------------------+-----
Dodging        | 3 |  3.6
Unarmed Combat | 4 5 7 9 10 11 12 13 14 15 | 15.0
Fighting       | 3 5 6 |  6.5
Throwing       | 2 4 5 6 8 10 | 10.4
Invocations    | 1 3 5 6 |  6.3
Ice Magic      | 3 4 |  4.0
Transmutations | 3 5 6 8 9 10 | 10.0
Spellcasting   | 1 2 3 4 |  4.0
Evocations     | 3 |  3.2
Stealth        | |  1.0

Action                   |  1- 3 |  4- 6 |  7- 9 | 10-12 | 13-15 || total
-------------------------+-------+-------+-------+-------+-------++-------
Melee: Unarmed           |    70 |   124 |   207 |   661 |   420 ||  1482
       Punch             |       |     4 |     7 |    39 |    38 ||    88
 Fire: Hunting sling     |       |       |       |    89 |   423 ||   512
Throw: Dart              |       |       |    11 |    17 |     4 ||    32
       Throwing net      |       |       |       |     3 |       ||     3
       Large rock        |       |       |       |    11 |    21 ||    32
       Boomerang         |       |       |       |       |     8 ||     8
       Javelin           |       |       |       |       |    10 ||    10
 Cast: Ice Form          |       |       |       |     6 |       ||     6
       Blade Hands       |       |       |       |     1 |    21 ||    22
Invok: Wall of Briars    |       |       |     1 |    11 |    21 ||    33
       Grow Ballistomyce |       |       |       |     8 |     5 ||    13
       Overgrow          |       |       |       |     4 |     1 ||     5
Evoke: Wand              |       |       |       |       |     6 ||     6
       Lamp of fire      |       |       |       |       |     1 ||     1
  Use: Scroll            |       |     4 |     5 |     9 |     8 ||    26
       Potion            |       |       |       |     2 |     2 ||     4
 Stab: Sleeping          |       |       |     5 |       |       ||     5
       Distracted        |       |       |     1 |     2 |       ||     3
       Confused          |       |       |       |     3 |     2 ||     5
       Held in net/web   |       |       |       |     1 |       ||     1
  Eat: Chunk             |    16 |     9 |    34 |    68 |    88 ||   215
       Ration            |       |       |       |     2 |       ||     2
Armor: Robe              |    32 |    23 |    47 |    92 |       ||   194
       Skin              |       |     2 |       |     5 |       ||     7
       Troll leather arm |       |       |       |   148 |   142 ||   290
Dodge: Dodged            |    30 |    48 |    72 |   489 |   304 ||   943
